 Dungeon Crawl Stone Soup version 0.29-a0-911-g88e6f02907 (webtiles) character file.

Game seed: 533408894463614833

29249 zeratav the Tainter (level 13, -3/108 HPs)
             Began as an Octopode Venom Mage on July 26, 2022.
             Was an Initiate of Gozag.
             Slain by an eight-headed hydra (5 damage)
             ... on level 4 of the Lair of Beasts.
             The game lasted 00:44:04 (20425 turns).

zeratav the Tainter (Octopode Venom Mage)          Turns: 20425, Time: 00:44:04

Health: -3/108     AC: 17    Str:  7    XL:     13   Next: 44%
Magic:  16/20      EV: 13    Int: 26    God:    Gozag
Gold:   366        SH:  0    Dex: 11    Spells: 4/22 levels left

rFire   . . .      SeeInvis .     - Unarmed
rCold   + + +      Faith    .   (shield currently unavailable)
rNeg    . . .      Spirit   .   (helmet currently unavailable)
rPois   +          Reflect  .   j - amulet of magic regeneration
rElec   .          Harm     .   d - ring of resist corrosion
rCorr   +          Rampage  .   h - ring of willpower
Will    +....                   i - ring of wizardry
Stlth   ++++......              m - +4 ring of protection
HPRegen 0.28/turn               A - ring of protection from fire
MPRegen 0.57/turn               y - +4 ring of protection
                                J - ring of flight
                                (no ring)

@: ice-form, flying, very slightly contaminated
A: freezing attack, boosted hp, almost no armour, amphibious, 8 rings, large,
(camouflage 1), (gelatinous body 1), (nimble swimmer 1), (tentacles), (fangs 1),
(tentacle spike 1), clever 1
a: End Transformation, Renounce Religion, Potion Petition, Call Merchant, Bribe
Branch


You were on level 4 of the Lair of Beasts.
You worshipped Gozag.
Gozag was aware of your devotion.
You were a creature of crystalline ice.
You visited 3 branches of the dungeon, and saw 17 of its levels.
You also visited: Bailey.

You collected 2829 gold pieces.
You spent 320 gold pieces at shops.
You paid 2143 gold pieces to Gozag.


Innate Abilities, Weirdness & Mutations

You are a creature of crystalline ice.
You have a powerful freezing melee attack.
Your maximum health is increased.
Your armour is entirely melded.
You are incapable of wielding weapons or throwing items.
You cannot wear most types of armour.
You are amphibious.
You can wear up to eight rings at the same time.
((Your skin changes colour to match your surroundings (Stealth+).))
((Your rubbery body absorbs attacks. (AC +1, EV +1)))
((You are camouflaged when in or above water. (Stealth+)))
((You have tentacles for arms and can constrict up to eight enemies at once.))
((You have very sharp teeth.))
((One of your tentacles bears a spike.))
Your mind is acute. (Int +4, Str/Dex -1)


   Skills:
 - Level 9.2 Fighting
 - Level 9.2 Dodging
 - Level 10.0 Stealth
 - Level 5.7 Unarmed Combat
 - Level 5.0 Spellcasting
 + Level 0.5 Conjurations
 + Level 8.0 Hexes
 - Level 10.0 Transmutations
 - Level 5.0 Fire Magic
 - Level 10.0 Poison Magic


You had 4 spell levels left.
You knew the following spells:

 Your Spells              Type           Power      Damage    Failure   Level
a - Sting                 Tmut/Pois      100%       1d8       1%          1
b - Poisonous Vapours     Pois/Air       64%        N/A       1%          2
c - Olgreb's Toxic Radia  Pois           55%        N/A       1%          4
d - Ignite Poison         Fire/Tmut/Pois 49%        N/A       1%          3
e - Ice Form              Ice/Tmut       32%        N/A       4%          4
f - Fulminant Prism       Conj/Hex       14%        3d9       5%          4

Your spell library contained the following spells:

 Spells                   Type           Power      Damage    Failure   Level
 Foxfire                  Conj/Fire      80%        2x1d8     1%          1
 Ensorcelled Hibernation  Hex/Ice        54%        N/A       1%          2
 Passwall                 Tmut/Erth      26%        N/A       1%          2
 Dazzling Flash           Conj/Hex       56%        N/A       1%          3
 Inner Flame              Hex/Fire       40%        N/A       1%          3
 Mephitic Cloud           Conj/Pois/Air  24%        N/A       2%          3
 Conjure Flame            Conj/Fire      20%        6-21      3%          3
 Swiftness                Air            6%         N/A       9%          3
 Flame Wave               Conj/Fire      20%        2d7       10%         4
 Hailstorm                Conj/Ice       7%         3d4       26%         4
 Iskenderun's Mystic Bla  Conj/Tloc      7%         2d4       26%         4
 Blade Hands              Tmut           27%        N/A       1%          5
 Yara's Violent Unravell  Hex/Tmut       26%        3d11      2%          5
 Lee's Rapid Deconstruct  Erth           3%         3d6*      61%         5
 Starburst                Conj/Fire      10%        6d5       80%         6
 Iron Shot                Conj/Erth      3%         9d2       98%         6
 Ignition                 Fire           16%        3d6       100%        8
 Animate Armour           Summ/Erth      Unusable   N/A       N/A         4
 Simulacrum               Ice/Necr       Unusable   N/A       N/A         6

Inventory:

Hand Weapons
 t - the +9 sling of Hepliaklqana's Wrath (melded) {speed, +Blink}
   (You found it on level 5 of the Dungeon)

   Attacks with this weapon are significantly faster.
   +Blink:    It lets you blink.
 z - a +2 dagger of freezing {short}
   (You took it off a wight on level 8 of the Dungeon)
Armour
 l - a +2 kite shield of poison resistance
   (You took it off a gnoll sergeant on level 11 of the Dungeon)
 I - a +2 hat of intelligence (melded)
   (You took it off Gastronok on level 2 of the Lair of Beasts)
Jewellery
 d - a ring of resist corrosion (left front paw)
   (You found it on level 1 of the Dungeon)
 h - a ring of willpower (right front paw)
   (You found it on level 1 of the Dungeon)
 i - a ring of wizardry (on tentacle)
   (You found it on level 1 of the Dungeon)
 j - an amulet of magic regeneration (around neck)
   (You found it in a bailey)
 m - a +4 ring of protection (on tentacle)
   (You found it on level 3 of the Dungeon)
 y - a +4 ring of protection (on tentacle)
   (You found it on level 10 of the Dungeon)
 A - a ring of protection from fire (on tentacle)
   (You found it on level 8 of the Dungeon)
 E - an amulet of reflection
   (You took it off a kobold brigand on level 9 of the Dungeon)
 J - a ring of flight (on tentacle)
   (You found it on level 3 of the Lair of Beasts)
 L - a ring of ice
   (You found it on level 4 of the Lair of Beasts)
Wands
 k - a wand of mindburst (17)
   (You found it on level 9 of the Dungeon)
 C - a wand of flame (5)
   (You found it on level 9 of the Dungeon)
 D - a wand of roots (7)
   (You took it off Maurice on level 9 of the Dungeon)
Scrolls
 e - 3 scrolls of silence {!r}
 f - 9 scrolls of teleportation {@r4}
 n - 3 scrolls of vulnerability {!r!r}
 o - 7 scrolls of identify {@r1}
 p - 2 scrolls of enchant armour
 q - 5 scrolls of amnesia
 s - 3 scrolls of enchant weapon
 u - a scroll of immolation {!r!r}
 F - 2 scrolls of magic mapping {!r}
 G - 5 scrolls of torment {!r}
 H - a scroll of poison {!r}
Potions
 a - a potion of magic
 b - 4 potions of lignification {!q}
 c - 6 potions of flight
 g - 2 potions of ambrosia
 r - 2 potions of curing {@q1}
 v - a potion of resistance
 x - a potion of mutation {!q}
 B - 3 potions of heal wounds {@q2}
 K - a potion of haste {@q3}

Dungeon Overview and Level Annotations

Branches:
Dungeon (12/15) Zot: 24980  Temple (1/1) D:6 Zot: 5797    Lair (4/5) D:8 Zot: 18872
  Swamp (0/4) Lair:2        Snake (0/4) Lair:3          Orc (0/2) D:12
 Bailey (visited)
  Slime: Lair:4-5

Altars:
Ashenzari
Cheibriados
Dithmenos
Elyvilon
Fedhas
Gozag
Hepliaklqana
Kikubaaqudgha
Makhleb
Nemelex Xobeh
Okawaru
Qazlal
Ru
Sif Muna
Trog
Uskayaw
Vehumet
Wu Jian
Xom
Yredelemnul
Zin
The Shining One

Shops:
D:4 *   D:7 :   D:9 !?   Lair:3 :*:

Annotations:
D:3 exclusion: downstairs
D:5 exclusion: phantom, Prince Ribbit
D:6 1 runed translucent door, Crazy Yiuf
D:10 Urug
D:11 exclusion: ice statue, Bane's ghost, journeyman FoMo
Lair:2 exclusions: hydra and will-o-the-wisp

#.#..## ###....##
#.......# #......##
#..##.## #. #....##
#.. ##....# #..
#####D....# #...
#....Y.###.# ##...#
#.......####
......##........#
.........#......#
###....#...##.....##
##.# #.....##.....#
.#.## ##...........#
....###
####.......P#
....#.## #....##..##


You could see an eight-headed hydra.


Message History

The eight-headed hydra roars!
The sling bullet hits the eight-headed hydra!
You shoot a sling bullet.
The sling bullet barely misses the eight-headed hydra.
You shoot a sling bullet.
The sling bullet hits the eight-headed hydra.
You shoot a sling bullet.
The sling bullet hits the eight-headed hydra.
You shoot a sling bullet.
The sling bullet hits the eight-headed hydra!
Casting: Ice Form (dangerous; 3% risk of failure)
Confirm with . or Enter, or press ? or * to list all spells.
You miscast Ice Form.
You are very lightly contaminated with residual magic.
You are caught in an explosion of ice and frost.
HP[-6] MP[-4]
You take 6 damage, and now have 84/90 hp.
You lost 4 mp, and now have 16/20 mp.
Casting: Ice Form (dangerous; 3% risk of failure)
Confirm with . or Enter, or press ? or * to list all spells.
You turn into a creature of crystalline ice.
The +9 sling of Hepliaklqana's Wrath {speed, +Blink} melds into your body.
Your +2 hat of intelligence melds into your body.
You feel stupid.
The eight-headed hydra bites you but does no damage.
The eight-headed hydra bites you! The eight-headed hydra bites you.
The eight-headed hydra bites you but does no damage. x2
The eight-headed hydra barely misses you.
The eight-headed hydra bites you but does no damage.
The eight-headed hydra misses you.
HP[+4] MP[-3]
You now have 108 max hp (+18).
You regained 4 hp, and now have 88/108 hp.
You lost 3 mp, and now have 13/20 mp.
You completely miss the eight-headed hydra.
The eight-headed hydra bites you.
The eight-headed hydra bites you but does no damage. x2
The eight-headed hydra closely misses you.
The eight-headed hydra bites you but does no damage.
The eight-headed hydra bites you. The eight-headed hydra bites you!
The eight-headed hydra barely misses you.
HP[-17]
You take 17 damage, and now have 71/108 hp.
You punch the eight-headed hydra! You freeze the eight-headed hydra.
MP[+1]
You punch the eight-headed hydra! You freeze the eight-headed hydra.
The eight-headed hydra barely misses you.
The eight-headed hydra bites you but does no damage. x2
The eight-headed hydra barely misses you.
The eight-headed hydra bites you. The eight-headed hydra bites you! x2
* * * LOW HITPOINT WARNING * * *
The eight-headed hydra closely misses you.
HP[-22]
You take 22 damage, and now have 49/108 hp.
MASSIVE DAMAGE!! (PAUSE)
You hit the eight-headed hydra. You freeze the eight-headed hydra.
The eight-headed hydra bites you!
* * * LOW HITPOINT WARNING * * *
The eight-headed hydra bites you but does no damage.
The eight-headed hydra bites you!
* * * LOW HITPOINT WARNING * * *
The eight-headed hydra bites you!
* * * LOW HITPOINT WARNING * * *
The eight-headed hydra barely misses you.
The eight-headed hydra bites you.
* * * LOW HITPOINT WARNING * * *
The eight-headed hydra bites you.
* * * LOW HITPOINT WARNING * * *
The eight-headed hydra barely misses you.
HP[-30] MP[+1]
You take 30 damage, and now have 19/108 hp.
MASSIVE DAMAGE!! (PAUSE)
You punch the eight-headed hydra! You freeze the eight-headed hydra.
The eight-headed hydra misses you. The eight-headed hydra bites you.
* * * LOW HITPOINT WARNING * * *
The eight-headed hydra misses you.
The eight-headed hydra bites you but does no damage.
The eight-headed hydra barely misses you.
The eight-headed hydra bites you.
* * * LOW HITPOINT WARNING * * *
The eight-headed hydra closely misses you.
The eight-headed hydra bites you!
* * * LOW HITPOINT WARNING * * *
HP[-15]
You take 15 damage, and now have 4/108 hp.
Read: scroll of fear
Press: ? - help, Q - select action, (/) - cycle Dir - look around, f - activate Look: an eight-headed hydra (almost dead, chance to affect: 79%)
As you read the scroll of fear, it crumbles to dust.
You assume a fearsome visage.
The eight-headed hydra easily resists.
The eight-headed hydra bites you but does no damage.
The eight-headed hydra bites you.
* * * LOW HITPOINT WARNING * * *
The eight-headed hydra bites you but does no damage.
The eight-headed hydra closely misses you.
The eight-headed hydra barely misses you.
The eight-headed hydra bites you.
You die...
Your body crumbles into a pile of gold.

Skill      XL: |  1  2  3  4  5  6  7  8  9 10 11 12 13 |
---------------+----------------------------------------+-----
Stealth        | 3 4 5 10 | 10.0
Poison Magic   | 4 5 6 8 10 | 10.0
Fighting       | 1 5 7 8 9 |  9.2
Dodging        | 5 7 8 9 |  9.2
Hexes          | 3 7 8 |  8.0
Transmutations | 3 7 9 10 | 10.0
Fire Magic     | 2 5 |  5.0
Spellcasting   | 4 5 |  5.0
Unarmed Combat | 4 5 |  5.7
Conjurations   | |  0.5

Action                   |  1- 3 |  4- 6 |  7- 9 | 10-12 | 13-15 || total
-------------------------+-------+-------+-------+-------+-------++-------
Melee: Short sword       |    37 |       |       |       |       ||    37
       Constrict         |    13 |    19 |     2 |     1 |       ||    35
       Tentacles         |     7 |    17 |     2 |     1 |       ||    27
       Dagger            |    25 |    54 |    15 |     6 |       ||   100
       Punch             |       |     1 |       |       |       ||     1
       Unarmed           |       |       |       |    47 |    99 ||   146
       Kick              |       |       |       |     4 |       ||     4
       Bite              |       |       |       |     2 |       ||     2
 Fire: Sling             |       |       |    94 |   174 |    61 ||   329
 Cast: Sting             |    14 |     6 |     3 |     5 |       ||    28
       Poisonous Vapours |       |    15 |    36 |    78 |    25 ||   154
       Olgreb's Toxic Ra |       |     6 |    30 |    50 |     4 ||    90
       Ignite Poison     |       |       |       |    55 |    14 ||    69
       Ice Form          |       |       |       |     6 |    11 ||    17
Invok: Call Merchant     |       |       |       |       |     3 ||     3
 Abil: End Transformatio |       |       |       |     1 |     2 ||     3
Evoke: Wand              |       |       |       |     5 |       ||     5
  Use: Scroll            |     4 |     2 |     8 |    10 |     4 ||    28
       Potion            |       |       |     1 |     4 |     1 ||     6
 Stab: Sleeping          |    10 |     9 |       |     1 |       ||    20
Armor: Skin              |     4 |     4 |    30 |    54 |    64 ||   156
Dodge: Dodged            |    43 |    17 |    65 |   145 |    73 ||   343

Levels and vault maps discovered:
D:1:      pf_arrival_petrified_forest, layout_rooms,
          minmay_misc_feat_more_columns
D:2:      layout_loops_cross, serial_forest, infiniplex_forest_straight_4,
          infiniplex_forest_end_1, infiniplex_forest_straight_1,
          infiniplex_forest_join, infiniplex_forest_lined_1,
          chequers_serial_rivers_small_b
D:3:      layout_basic
D:4:      layout_loops_corners, minmay_shop_mayhem, minmay_hedge_maze,
          minmay_liquid_box
D:5:      layout_gridville, serial_rivers, chequers_serial_rivers_room_a,
          chequers_serial_rivers_small_b, chequers_serial_rivers_micro_a,
          chequers_serial_rivers_micro_d, chequers_serial_rivers_small_b,
          chequers_serial_rivers_small_3, corexii_checkpoint_b,
          minmay_misc_feat_ornament, kennysheep_generic_room_4,
          uniq_prince_ribbit1
D:6:      layout_loops_ring, lemuel_coloured_pillars_altar,
          mainiacjoe_overflow_six_doors_small, minmay_temple_entry_stoned_glass,
          grunt_decor_mini_mirrors, uniq_crazy_yiuf_cottage
D:7:      layout_cave_pools, chequers_temple_overflow_statue_of_worship,
          enter_bailey_7, minmay_misc_feat_enclosed, st_stairs_14,
          nicolae_shop_vocational
D:8:      layout_cave_pools, pdpol_wu_jian_five_deadly_venoms,
          amcnicky_altar_gilded, nicolae_kikubaaqudgha_miasma_corner,
          dpeg_oklobed_lair
D:9:      layout_loops_ring, serial_shops, shop, kennysheep_mini,
          onia_ninara_cookie, uniq_maurice
D:10:     layout_grid_maze, nicolae_ru_path_of_blood,
          gammafunk_temple_overflow_claw, uniq_urug, uniq_nergalle
D:11:     layout_rooms, nzn_ghost_randoct, kennysheep_okawaru_gauntlet
D:12:     layout_roguey, orc_0_dummy, serial_shops, kennysheep_little_box
Temple:   grunt_temple_mini_profane
Lair:1:   layout_cave_pods, columned_hall_lemuel, st_stairs_10,
          nicolae_lair_run_with_the_wolves
Lair:2:   layout_cave_pods, minmay_swamp_entry_wisps,
          nicolae_volcano_entry_lava_flow, infiniplex_staircase_pool_2,
          uniq_gastronok
Lair:3:   layout_cave_pods, minmay_snake_entry_six_corridors, worms_lemuel
Lair:4:   layout_misc_corridors, chequers_serial_rivers_micro_e,
          grunt_megastairs_3

Notes
Turn   | Place    | Note
-------+----------+-------------------------------------------
     0 | D:1      | zeratav the Octopode Venom Mage began the quest for the
                  | Orb.
     0 | D:1      | Reached XP level 1. HP: 11/11 MP: 3/3
     0 | D:1      | magus.rc [v1.9.6]
   117 | D:1      | Reached skill level 3 in Stealth
   145 | D:1      | Reached XP level 2. HP: 16/17 MP: 5/5
   194 | D:1      | Reached skill level 4 in Poison Magic
   930 | D:2      | Reached XP level 3. HP: 16/21 MP: 1/6
  1126 | D:2      | Reached skill level 4 in Stealth
  1273 | D:2      | Learned a level 2 spell: Poisonous Vapours
  1708 | D:2      | You add the spells Yara's Violent Unravelling and Ignition
                  | to your library.
  1708 | D:2      | Got the Commentary on Scorched Transmutation
  2317 | D:3      | Reached XP level 4. HP: 27/27 MP: 7/7
  2607 | D:4      | Noticed a scorpion
  2615 | D:3      | Learned a level 4 spell: Olgreb's Toxic Radiance
  2745 | D:4      | Reached skill level 5 in Poison Magic
  2839 | D:4      | HP: 5/27 [orc/+0 hand axe (5)]
  2842 | D:4      | Reached skill level 5 in Stealth
  3253 | D:4      | Found Napt's Mayhem Merchandise.
  3295 | D:4      | Reached XP level 5. HP: 31/31 MP: 8/8
  3435 | D:4      | Reached skill level 6 in Poison Magic
  3659 | D:4      | You pick up a book of Burglary and begin reading...
  3659 | D:4      | You add the spells Passwall, Ensorcelled Hibernation and
                  | Swiftness to your library.
  3830 | D:4      | Reached XP level 6. HP: 36/36 MP: 9/9
  3868 | D:4      | Reached skill level 7 in Poison Magic
  3981 | D:4      | You pick up a book of Flames and begin reading...
  3981 | D:4      | You add the spells Foxfire, Conjure Flame, Inner Flame and
                  | Flame Wave to your library.
  4509 | D:5      | Entered Level 5 of the Dungeon
  4589 | D:5      | Reached skill level 8 in Poison Magic
  4633 | D:5      | Reached XP level 7. HP: 41/41 MP: 1/10
  4896 | D:5      | Reached skill level 9 in Poison Magic
  5240 | D:5      | Reached skill level 10 in Poison Magic
  5446 | D:5      | Noticed Prince Ribbit
  5575 | D:5      | Identified the +9 sling of Hepliaklqana's Wrath {speed,
                  | +Blink}
  5926 | D:6      | Found a hide-covered altar of Uskayaw.
  6012 | D:6      | Reached skill level 1 in Fighting
  6015 | D:6      | Reached XP level 8. HP: 48/48 MP: 4/11
  6098 | D:6      | Reached skill level 2 in Fighting
  6098 | D:6      | Reached skill level 3 in Dodging
  6252 | D:6      | Found a staircase to the Ecumenical Temple.
  6272 | D:6      | Reached skill level 3 in Fighting
  6431 | Temple   | Entered the Ecumenical Temple
  6708 | D:6      | Reached skill level 4 in Dodging
  7233 | D:6      | Found a sparkling altar of Nemelex Xobeh.
  7401 | D:6      | Reached skill level 4 in Fighting
  7529 | D:6      | Found a runed translucent door.
  7530 | D:6      | Noticed Crazy Yiuf
  7585 | D:6      | Reached skill level 5 in Dodging
  7589 | D:6      | Reached skill level 5 in Fighting
  7589 | D:6      | Reached XP level 9. HP: 42/61 MP: 12/12
  7805 | D:7      | Reached skill level 6 in Dodging
  7902 | D:7      | Found Uteuzymu's Vocational Training.
  7997 | D:7      | Reached skill level 6 in Fighting
  8152 | D:7      | You pick up a book of the Tundra and begin reading...
  8152 | D:7      | You add the spells Hailstorm, Ice Form and Simulacrum to
                  | your library.
  8338 | D:7      | Found a basalt altar of Yredelemnul.
  8387 | D:7      | Found a flagged portal.
  8400 | Bailey   | Entered a bailey
  8518 | Bailey   | Reached skill level 7 in Dodging
  8611 | Bailey   | Noticed an orc knight
  8626 | Bailey   | Reached skill level 7 in Fighting
  8639 | Bailey   | Killed an orc knight
  8640 | Bailey   | Reached skill level 2 in Hexes
  8640 | Bailey   | Reached skill level 3 in Transmutations
  8758 | Bailey   | Reached skill level 3 in Hexes
  8771 | Bailey   | Reached XP level 10. HP: 57/71 MP: 5/13
  8939 | Bailey   | Reached skill level 4 in Transmutations
  9241 | D:7      | Found a bloodstained altar of Trog.
  9241 | D:7      | Found a blossoming altar of Fedhas.
  9241 | D:7      | Found a broken altar of Ashenzari.
  9381 | D:8      | Reached skill level 4 in Hexes
  9544 | D:8      | Found an opulent altar of Gozag.
  9562 | D:8      | Became a worshipper of Gozag Ym Sagoz the Greedy
  9595 | D:8      | Found an ornate altar of the Wu Jian Council.
 10050 | D:8      | Found an ancient bone altar of Kikubaaqudgha.
 10214 | D:8      | Found a staircase to the Lair.
 10329 | D:8      | Found an ancient bone altar of Kikubaaqudgha.
 10437 | D:8      | Found an opulent altar of Gozag.
 10452 | D:8      | Found an ornate altar of the Wu Jian Council.
 10635 | D:8      | Reached skill level 5 in Transmutations
 10648 | D:8      | Found a staircase to the Lair.
 10752 | D:8      | Found an ancient bone altar of Kikubaaqudgha.
 10925 | D:8      | Found an opulent altar of Gozag.
 10940 | D:8      | Found an ornate altar of the Wu Jian Council.
 11107 | D:8      | Found a staircase to the Lair.
 11170 | D:9      | Reached skill level 5 in Hexes
 11519 | D:9      | Reached skill level 6 in Transmutations
 11524 | D:9      | Paralysed by a hornet for 3 turns
 11527 | D:9      | Reached skill level 6 in Hexes
 11530 | D:9      | Gained mutation: Your mind is acute. (Int +4, Str/Dex -1)
                  | [potion of mutation]
 11530 | D:9      | Gained mutation: You have hidden genetic potential. [potion
                  | of mutation]
 11530 | D:9      | HP: 15/68 [wight/+4 battleaxe (5)]
 11909 | D:9      | Noticed a two-headed ogre
 11939 | D:9      | Killed a two-headed ogre
 11968 | D:9      | Noticed a two-headed ogre
 12047 | D:9      | Noticed a brown ugly thing
 12047 | D:9      | Noticed Maurice
 12048 | D:9      | You add the spells Ignite Poison and Iron Shot to your
                  | library.
 12048 | D:9      | Got the Precepts of Pestilent Attacks
 12056 | D:8      | Learned a level 3 spell: Ignite Poison
 12172 | D:9      | Reached skill level 7 in Transmutations
 12218 | D:9      | Reached skill level 1 in Fire Magic
 12282 | D:9      | Killed a brown ugly thing
 12283 | D:9      | Reached skill level 7 in Hexes
 12283 | D:9      | Reached skill level 2 in Fire Magic
 12283 | D:9      | Reached XP level 11. HP: 67/75 MP: 1/14
 12307 | D:9      | Killed Maurice
 12310 | D:9      | Found Piogipin's Magic Scroll Shoppe.
 12369 | D:9      | Learned a level 4 spell: Ice Form
 12632 | D:9      | Found Jetium's Distillery.
 12659 | D:9      | Reached skill level 3 in Fire Magic
 12740 | D:9      | You fall into a shaft and drop 3 floors!
 12929 | D:11     | Noticed a two-headed ogre
 12935 | D:12     | Killed a two-headed ogre
 12936 | D:12     | Reached skill level 8 in Transmutations
 12937 | D:12     | Gained mutation: You have very sharp teeth. [hidden
                  | potential]
 13046 | D:11     | Reached skill level 8 in Hexes
 13046 | D:11     | Reached skill level 4 in Fire Magic
 13233 | D:11     | Noticed a catoblepas
 13233 | D:11     | Noticed Bane's ghost (journeyman FoMo)
 13240 | D:11     | Noticed a cyclops
 13259 | D:10     | Entered Level 10 of the Dungeon
 13324 | D:10     | Found a sacrificial altar of Ru.
 13470 | D:10     | Reached skill level 5 in Fire Magic
 13512 | D:10     | Noticed Urug
 13633 | D:10     | Reached skill level 9 in Transmutations
 13910 | D:10     | Reached skill level 3 in Spellcasting
 14002 | D:10     | Identified the +1 chain mail "Jyabuovuogg" {rF- Dex+5}
 14066 | D:10     | Found a shimmering blue altar of Sif Muna.
 14066 | D:10     | Found a radiant altar of Vehumet.
 14066 | D:10     | Found a glowing golden altar of the Shining One.
 14163 | D:10     | Noticed Nergalle
 14166 | D:10     | Killed Nergalle
 14322 | D:10     | Reached skill level 4 in Spellcasting
 14575 | D:9      | Reached XP level 12. HP: 68/81 MP: 18/18
 15228 | D:9      | Killed a two-headed ogre
 15280 | Lair:1   | Entered Level 1 of the Lair of Beasts
 15404 | Lair:1   | Reached skill level 10 in Transmutations
 15406 | Lair:1   | Reached skill level 5 in Spellcasting
 15540 | Lair:1   | Reached skill level 6 in Stealth
 15718 | Lair:1   | Reached skill level 7 in Stealth
 15726 | Lair:1   | Reached skill level 8 in Stealth
 15733 | Lair:1   | Gained mutation: One of your tentacles bears a spike.
                  | [hidden potential]
 15733 | Lair:1   | Lost mutation: You have hidden genetic potential. [hidden
                  | potential expressed]
 16022 | Lair:1   | Reached skill level 9 in Stealth
 16132 | Lair:1   | Reached skill level 10 in Stealth
 16340 | Lair:2   | Noticed a seven-headed hydra
 16366 | Lair:2   | Reached skill level 1 in Unarmed Combat
 16495 | Lair:2   | Noticed a death yak
 16554 | Lair:2   | Noticed a death yak
 16556 | Lair:2   | Noticed a death yak
 16564 | Lair:2   | Killed a death yak
 16565 | Lair:2   | Reached skill level 2 in Unarmed Combat
 16567 | Lair:2   | Killed a death yak
 16567 | Lair:2   | Killed a death yak
 16568 | Lair:2   | Reached skill level 3 in Unarmed Combat
 16578 | Lair:2   | HP: 24/98 [poisoned by a cane toad]
 16836 | Lair:2   | Noticed Gastronok
 17247 | Lair:2   | Identified the +3 robe of the Evening {rF+}
 17379 | Lair:2   | Reached skill level 8 in Fighting
 17379 | Lair:2   | Reached skill level 8 in Dodging
 17514 | Lair:2   | Killed Gastronok
 17515 | Lair:2   | Reached skill level 4 in Unarmed Combat
 17515 | Lair:2   | Reached XP level 13. HP: 48/88 MP: 3/20
 17797 | Lair:2   | You pick up a book of Iron and begin reading...
 17845 | Lair:2   | Found a staircase to the Swamp.
 18593 | Lair:3   | Found a staircase to the Snake Pit.
 18640 | Lair:3   | You pick up a book of Spectacle and begin reading...
 18640 | Lair:3   | You add the spells Dazzling Flash, Iskenderun's Mystic
                  | Blast and Starburst to your library.
 18903 | Lair:3   | Reached skill level 5 in Unarmed Combat
 19404 | Lair:4   | Reached skill level 9 in Fighting
 19467 | Lair:4   | Reached skill level 9 in Dodging
 20233 | Lair:3   | Bought a book of Blasting for 320 gold pieces
 20233 | Lair:3   | You pick up a book of Blasting and begin reading...
 20233 | Lair:3   | You add the spells Fulminant Prism and Lee's Rapid
                  | Deconstruction to your library.
 20239 | Lair:3   | Learned a level 4 spell: Fulminant Prism
 20423 | Lair:4   | HP: 23/108 [eight-headed hydra (8)]
 20424 | Lair:4   | HP: 4/108 [eight-headed hydra (10)]
 20425 | Lair:4   | Slain by an eight-headed hydra

Vanquished Creatures
  Gastronok (Lair:2)
  2 boulder beetles
  3 two-headed ogres
  3 death yaks (Lair:2)
  Nergalle (D:10)
  An orc knight (Bailey)
  A lindwurm (Lair:4)
  2 wolf spiders (Lair:1)
  An ugly thing (D:9)
  Maurice (D:9)
  3 black mambas
  6 cane toads
  5 komodo dragons
  5 trolls
  A polar bear (Lair:4)
  A hornet (D:9)
  A tyrant leech (Lair:3)
  A wraith (D:9)
  3 wyverns
  A vampire (D:9)
  39 yaks
  A basilisk (Lair:3)
  2 vampire mosquitoes (D:6)
  2 acid dragons
  2 swamp worms (Lair:3)
  3 floating eyes (D:9)
  15 water moccasins
  2 sky beasts
  11 orc warriors
  An ice beast (D:6)
  A black bear (D:6)
  3 ogres
  9 wolves (Lair:1)
  7 centaurs
  5 kobold brigands
  2 gnoll sergeants
  9 bullfrogs
  2 scorpions (D:4)
  14 wights
  2 killer bees (D:9)
  5 howler monkeys
  3 hounds
  9 orc priests
  3 iguanas
  7 orc wizards
  17 gnolls
  9 adders
  A shadow imp (D:8)
  An ufetubus (D:4)
  2 worms
  A dart slug (D:4)
  37 orcs
  6 endoplasms
  2 giant cockroaches (D:3)
  10 goblins
  3 hobgoblins
  32 kobolds
  3 quokkas
  8 ball pythons
  3 bats
  3 frilled lizards
  7 rats
347 creatures vanquished.

Vanquished Creatures (others)
  10 fungi
  14 plants
24 creatures vanquished.

Grand Total: 371 creatures vanquished

Table legend:
 A = Non-vault XP
 B = Vault XP
 C = Vault XP percentage of total XP
 D = Non-vault monster count
 E = Vault monster count
 F = Vault count percentage of total count
                 A         B        C        D         E       F
            +---------+---------+-------+---------+---------+-------
      Total |   27096 |   14689 |  35.2 |     275 |      72 |  20.7
            +---------+---------+-------+---------+---------+-------
        D:1 |      29 |       0 |   0.0 |      22 |       0 |   0.0
        D:2 |      28 |       0 |   0.0 |       9 |       0 |   0.0
        D:3 |      38 |       0 |   0.0 |      14 |       0 |   0.0
        D:4 |     404 |       0 |   0.0 |      28 |       0 |   0.0
        D:5 |     491 |      87 |  15.1 |      14 |       4 |  22.2
        D:6 |    1361 |       0 |   0.0 |      23 |       0 |   0.0
        D:7 |     870 |     167 |  16.1 |      28 |       6 |  17.6
        D:8 |     955 |       0 |   0.0 |      13 |       0 |   0.0
        D:9 |    1174 |    5282 |  81.8 |      25 |      22 |  46.8
       D:10 |    3645 |     775 |  17.5 |      23 |       1 |   4.2
       D:11 |    1658 |       0 |   0.0 |      12 |       0 |   0.0
       D:12 |    1124 |       0 |   0.0 |       6 |       0 |   0.0
     Lair:1 |    4059 |    1521 |  27.3 |      22 |       5 |  18.5
     Lair:2 |    5890 |    1476 |  20.0 |      18 |       1 |   5.3
     Lair:3 |    2292 |    2499 |  52.2 |       8 |      12 |  60.0
     Lair:4 |    3078 |    1340 |  30.3 |      10 |       3 |  23.1
     Bailey |       0 |    1542 | 100.0 |       0 |      18 | 100.0
            +---------+---------+-------+---------+---------+-------

Illustrated notes

Table legend:
 A = Kills in this place as a percentage of kills in entire the game.
 B = Kills by you in this place as a percentage of kills by you in the entire game.
 C = Kills by friends in this place as a percentage of kills by friends in the entire game.
 D = Other kills in this place as a percentage of other kills in the entire game.
 E = Experience gained in this place as a percentage of experience gained in the entire game.
 F = Experience gained in this place divided by the number of levels of this place that you have seen.
                   A       B       C       D       E      F
               +-------+-------+-------+-------+-------+----------------------
         Total | 100.0 | 100.0 |   N/A |   N/A | 100.0 | 2321.4
       Dungeon |  72.0 |  72.0 |   N/A |   N/A |  43.3 | 1507.3
          Lair |  22.8 |  22.8 |   N/A |   N/A |  53.0 | 5538.8
        Bailey |   5.2 |   5.2 |   N/A |   N/A |   3.7 | 1542.0
               +-------+-------+-------+-------+-------+----------------------

Table legend: (Time is in decaauts)
 A = Elapsed time spent in this place.
 B = Non-inter-level travel time spent in this place.
 C = Inter-level travel time spent in this place.
 D = Time resting spent in this place.
 E = Time spent auto-exploring this place.
 F = Levels seen in this place.
 G = Mean time per level.
                   A        B        C        D        E       F      G
               +--------+--------+--------+--------+--------+-----+--------+
         Total |  20408 |  19497 |    911 |   3945 |  12342 |  18 | 1133.8 |
       Dungeon |  14412 |  13600 |    812 |   2193 |   9215 |  12 | 1201.0 |
        Temple |    202 |    175 |     27 |      0 |    175 |   1 |  202.0 |
          Lair |   5126 |   5056 |     70 |   1644 |   2608 |   4 | 1281.5 |
        Bailey |    667 |    667 |      0 |    108 |    344 |   1 |  667.0 |
               +--------+--------+--------+--------+--------+-----+--------+

Top non-repeatable levels by time:
     D:8: 2160 daAuts
     D:9: 1918 daAuts
     D:6: 1871 daAuts
  Lair:3: 1686 daAuts
     D:4: 1636 daAuts
  Lair:2: 1580 daAuts
     D:5: 1409 daAuts
    D:10: 1295 daAuts
     D:2: 1058 daAuts
  Lair:1: 1058 daAuts
     D:3: 964 daAuts
     D:1: 851 daAuts
  Lair:4: 800 daAuts
     D:7: 725 daAuts
  Bailey: 667 daAuts
